 Dungeon Crawl Stone Soup version 0.27.1-1-g398f81649c (webtiles) character file.

Game seed: 3260275112880333208

19 shoulao the Insei (level 2, -5/18 HPs)
             Began as an Octopode Transmuter on Sept 15, 2021.
             Slain by a worm (12 damage)
             ... on level 2 of the Dungeon.
             The game lasted 00:02:02 (991 turns).

shoulao the Insei (Octopode Transmuter)              Turns: 991, Time: 00:02:03

Health: -5/18      AC:  1    Str:  9    XL:     2   Next: 75%
Magic:  5/5        EV: 13    Int: 15    God:
Gold:   81         SH:  0    Dex: 12    Spells: 4/5 levels left

rFire    . . .     SeeInvis .     - Unarmed
rCold    . . .     Faith    .   (no shield)
rNeg     . . .     Spirit   .   (helmet restricted)
rPois    .         Reflect  .   (no amulet)
rElec    .         Harm     .   (no ring)
rCorr    .         Rampage  .   (no ring)
Will     .....                  (no ring)
Stlth    +++.......             (no ring)
HPRegen  0.06/turn              (no ring)
MPRegen  0.09/turn              (no ring)
                                (no ring)
                                (no ring)

@: no status effects
A: almost no armour, amphibious, 8 rings, camouflage 1, gelatinous body 1,
(nimble swimmer 1), tentacles
a: no special abilities


You were on level 2 of the Dungeon.
You visited 1 branch of the dungeon, and saw 2 of its levels.

You collected 81 gold pieces.

Inventory:

Scrolls
 c - a scroll of identify {unknown}
 d - a scroll of silence {unknown}
 e - a scroll of enchant weapon {unknown}
Potions
 a - a potion of haste
 b - a potion of berserk rage {unknown}
 f - a potion of resistance {unknown}


   Skills:
 + Level 1.0 Fighting
 + Level 2.1 Dodging
 + Level 1.0 Stealth
 + Level 3.4 Unarmed Combat
 + Level 2.3 Spellcasting
 + Level 2.0 Transmutations


You had 4 spell levels left.
You knew the following spells:

 Your Spells              Type           Power      Damage    Failure   Level
a - Beastly Appendage     Tmut           14%        N/A       10%         1

Your spell library contained the following spells:

 Spells                   Type           Power      Damage    Failure   Level
 Wereblood                Tmut           7%         N/A       14%         2
 Ensorcelled Hibernation  Hex/Ice        2%         N/A       32%         2
 Slow                     Hex            1%         N/A       32%         2
 Spider Form              Tmut/Pois      2%         N/A       38%         3
 Ignite Poison            Fire/Tmut/Pois 3%         N/A       43%         3
 Confusing Touch          Hex            1%         N/A       54%         3
 Mephitic Cloud           Conj/Pois/Air  1%         N/A       54%         3
 Vampiric Draining        Necr           0%         2d6       54%         3
 Ice Form                 Ice/Tmut       4%         N/A       80%         4
 Bolt of Magma            Conj/Fire/Erth 0%         4d4       99%         5
 Shadow Creatures         Summ           N/A        N/A       100%        6


Dungeon Overview and Level Annotations

Branches:
Dungeon (2/15)

Altars:


Innate Abilities, Weirdness & Mutations

You cannot wear most types of armour.
You are amphibious.
You can wear up to eight rings at the same time.
Your skin changes colour to match your surroundings (Stealth+).
Your rubbery body absorbs attacks. (AC +1, EV +1)
((You are camouflaged near water. (Stealth+)))
You have tentacles for arms and can constrict up to eight enemies at once.


Message History

No target in view!
You open the door.
There is an open door here.
You open the door.
Found a dagger.
No target in view!
There is an open door here.
A goblin comes into view. It is wielding a +0 club.
The goblin shouts!
A goblin is nearby!
A worm comes into view.
There are monsters nearby!
The goblin hits you with a +0 club.
There are monsters nearby!
You miss the goblin. Your grab misses the goblin.
The goblin hits you with a +0 club.
There are monsters nearby!
You tentacle-slap the goblin. You grab the goblin. You squeeze the goblin.
You kill the goblin!
A worm is nearby!
A worm is nearby!
A worm is nearby!
The worm barely misses you.
A worm is nearby!
You tentacle-slap the worm. You grab the worm. You squeeze the worm.
The worm is heavily wounded.
You constrict the worm. The worm bites you.
A worm is nearby!
You are too injured to fight recklessly!
A worm is nearby!
You are too injured to fight recklessly!
A worm is nearby!
You are too injured to fight recklessly!
A worm is nearby!
You release your grip on the worm.
You see here a +0 club.
You see here a +0 dagger.
The worm bites you!
Ouch! That really hurt!
You die...

#............# ##.......†....#
..............+ ..............#
#............#
#########'#'#####+##
#.........#.........
###+#+#######.#.........
#.....w@.# #.#........>
#).......# #.#.........
####+#+#........# #.#.........
.......)...#'#######.#.########
.........#...........#.#####
.........#...........#.....#
.........#...........#.....#
.........###+#######.#.....#
.........# ######.#.....#


You could see a worm.

Vanquished Creatures
  4 endoplasms
  2 goblins
  2 ball pythons (D:1)
  5 bats
  A frilled lizard (D:1)
  2 kobolds (D:1)
  2 rats
18 creatures vanquished.

Vanquished Creatures (others)
  A plant (D:1)
1 creature vanquished.

Grand Total: 19 creatures vanquished

Notes
Turn   | Place    | Note
-------+----------+-------------------------------------------
     0 | D:1      | shoulao the Octopode Transmuter began the quest for the
                  | Orb.
     0 | D:1      | Reached XP level 1. HP: 13/13 MP: 3/3
   228 | D:1      | Reached XP level 2. HP: 18/18 MP: 5/5
   489 | D:1      | Found a faded altar of an unknown god.
   514 | D:1      | Reached skill level 1 in Stealth
   991 | D:2      | Slain by a worm

Illustrated notes

Levels and vault maps discovered:
D:1:      dpeg_arrival_renting, layout_loops_ring,
          shapermc_ecumenical_altar_acropolis, minmay_crystal_room
D:2:      layout_basic

Skill      XL: |  1  2 |
---------------+-------+-----
Stealth        | 1 |  1.0
Fighting       | |  1.0
Dodging        | |  2.1
Unarmed Combat | |  3.4
Spellcasting   | |  2.3
Transmutations | |  2.0

Action                   || total
-------------------------++-------
Melee: Unarmed           ||    37
       Constrict         ||    10
       Tentacles         ||    10
       Punch             ||     1
  Use: Potion            ||     1
 Stab: Sleeping          ||     3
Armor: Skin              ||     4
Dodge: Dodged            ||    31
